 Dungeon Crawl Stone Soup version 0.21.0-3-g78d12a8 (console) character file.

137 removed the Ducker (level 5, -1/41 HPs)
             Began as a Vampire Hunter on Jan 10, 2018.
             Shot with an arrow by a centaur (4 damage)
             ... on level 3 of the Dungeon.
             The game lasted 00:07:11 (2249 turns).

removed the Ducker (Vampire Hunter)                 Turns: 2249, Time: 00:07:12

Health: -1/41      AC:  3    Str: 11    XL:     5   Next: 0%
Magic:  5/5        EV: 19    Int: 15    God:
Gold:   86         SH:  0    Dex: 19    Spells: 4/4 levels left

rFire    . . .     SeeInvis +   b - +1 hunting sling
rCold    . . .     Gourm    .   (no shield)
rNeg     . . .     Faith    .   c - +0 leather armour
rPois    .         Spirit   .   (no helmet)
rElec    .         Reflect  .   (no cloak)
rCorr    .         Harm     .   (no gloves)
MR       .....                  (no boots)
Stlth    +++.......             (no amulet)
HPRegen  0.33/turn              (no ring)
MPRegen  0.09/turn              (no ring)

@: agile, regenerating quickly
A: fangs 3, see invisible, unbreathing
a: no special abilities


You were on level 3 of the Dungeon.
You were almost alive.

You visited 1 branch of the dungeon, and saw 3 of its levels.

You collected 86 gold pieces.

Inventory:

Hand Weapons
 a - a +0 spear
 b - a +1 hunting sling (weapon)
 g - a +0 club
 j - a +0 short sword
 m - a +0 dagger
 p - a +0 mace
 q - a +0 blowgun
Missiles
 d - 69 sling bullets (quivered)
 i - 93 stones
 r - 18 poisoned needles
Armour
 c - a +0 leather armour (worn)
Scrolls
 h - a scroll of teleportation {unknown}
 k - a scroll of magic mapping {unknown}
 n - a scroll of identify {unknown}
Potions
 l - 11 potions of blood


   Skills:
 + Level 3.3 Fighting
 - Level 3.2 Slings
 - Level 4.5 Dodging
 - Level 1.5 Stealth


You had 4 spell levels left.
You didn't know any spells.

Dungeon Overview and Level Annotations

Branches:
Dungeon (3/15)

Altars:


Innate Abilities, Weirdness & Mutations

Your natural rate of healing is unusually fast.
You have razor-sharp teeth.
You have supernaturally acute eyesight. (SInv)
You can survive without breathing.


Message History

The arrow hits you! The arrow freezes you.
* * * LOW HITPOINT WARNING * * *
Unknown command.
Firing (i - inventory. (,) - cycle):
d - 71 sling bullets (quivered)
Press: ? - help, Shift-Dir - straight line, f/p - centaur
Aim: a centaur, wielding a shortbow of freezing (severely wounded)
You shoot a sling bullet.
The sling bullet hits the centaur but does no damage.
The centaur is severely wounded.
The centaur shoots an arrow.
The arrow barely misses you.
Unknown command.
Firing (i - inventory. (,) - cycle):
d - 70 sling bullets (quivered)
Press: ? - help, Shift-Dir - straight line, f/p - centaur
Aim: a centaur, wielding a shortbow of freezing (severely wounded)
You shoot a sling bullet. The sling bullet hits the centaur.
The centaur is almost dead.
The centaur shoots an arrow.
The arrow hits you!
* * * LOW HITPOINT WARNING * * *
The arrow freezes you.
You die...

######## #.@(...#######
#########(####.......#
..c(...c..รทรท.>.....#.#
..(...(...########.#
.########## #.# #.# #.#
#.# #.#


You could see a centaur.

Vanquished Creatures
  An orc priest (D:3)
  A gnoll (D:1)
  2 adders (D:2)
  An adder zombie (D:1)
  A worm (D:2)
  A dart slug (D:1)
  2 leopard geckos
  3 orcs (D:3)
  A bat zombie (D:1)
  3 giant cockroaches
  2 goblins
  7 hobgoblins
  6 jackals
  A quokka (D:2)
  12 bats
  3 frilled lizards (D:2)
  9 kobolds
  7 rats
63 creatures vanquished.

Notes
Turn   | Place    | Note
-------+----------+-------------------------------------------
     0 | D:1      | removed the Vampire Hunter began the quest for the Orb.
     0 | D:1      | Reached XP level 1. HP: 16/16 MP: 1/1
   254 | D:1      | Reached XP level 2. HP: 21/23 MP: 2/2
   615 | D:1      | Reached XP level 3. HP: 29/29 MP: 3/3
  1311 | D:2      | Reached skill level 3 in Dodging
  1338 | D:2      | Reached XP level 4. HP: 35/35 MP: 4/4
  2025 | D:3      | Reached skill level 4 in Dodging
  2224 | D:3      | Reached XP level 5. HP: 38/41 MP: 5/5
  2236 | D:3      | Noticed a centaur
  2249 | D:3      | Shot with an arrow by a centaur

Skill      XL: |  1  2  3  4 |
---------------+-------------+-----
Fighting       | 2 3 |  3.3
Dodging        | 3 4 |  4.5
Slings         | |  3.2
Stealth        | |  1.5

Action                   |  1- 3 |  4- 6 || total
-------------------------+-------+-------++-------
Melee: Dagger            |    51 |       ||    51
       Bite              |     8 |       ||     8
       Spear             |    20 |    25 ||    45
 Fire: Hunting sling     |    60 |    64 ||   124
  Use: Potion            |    12 |     7 ||    19
 Stab: Sleeping          |     1 |       ||     1
Armor: Leather armour    |    33 |     9 ||    42
       Skin              |       |     2 ||     2
Dodge: Dodged            |    80 |    41 ||   121
